AoeStats
← Your Mom

Yucatan

503136416Analyzed
3v3 RM · 1mo ago on Aug 30, 2026· 50m 20s· 6 players
Game mode
Random Map
Map size
Normal (6 player)
Population
200
Speed
Normal
Resources
Standard
Victory
Conquest
Starting age
Dark Age
Ending age
Imperial Age
RankedLock teamsTeams togetherTeam positionsShared explorationLock speedFull tech treeHidden civsTurbo modeCheats
Victory
Defeat
🇩🇪 Sicilians · Germany
869
+10
🇩🇪 Huns · Germany
802
+13
🇩🇪 Khmer · Germany
755
+15
🇹🇷 Berbers · Türkiye
839
-17
🇹🇼 Aztecs · Taiwan
683
-10
🇪🇸 Portuguese · Spain
670
-10
riechie95
11:33 Feudal Age
13:04 Double-Bit Axe
14:17 Scale Barding Armor
14:27 Forging
15:17 Bloodlines
21:32 Castle Age
26:15 Chain Barding Armor
28:07 Iron Casting
28:09 Husbandry
32:36 Ballistics
34:27 Horse Collar
35:30 Wheelbarrow
35:38 Fletching
39:14 Imperial Age
37:25 Wheelbarrow
38:05 Heavy Plow
40:23 Conscription
40:14 Bodkin Arrow
40:24 Cavalier
43:22 Plate Barding Armor
44:45 Blast Furnace
46:08 Guilds
46:17 Paladin
47:02 Bracer
TheDarkPhantom87
12:45 Feudal Age
13:22 Double-Bit Axe
13:29 Horse Collar
21:26 Castle Age
21:44 Gold Mining
21:47 Stone Mining
22:16 Scale Mail Armor
22:27 Forging
22:45 Heavy Plow
27:25 Fletching
27:47 Arson
28:35 Ballistics
30:47 Bodkin Arrow
31:16 Masonry
36:09 Imperial Age
34:28 Wheelbarrow
35:24 Iron Casting
35:07 Chain Mail Armor
36:29 Gambesons
36:45 Squires
36:14 Elite Serjeant
37:33 Bow Saw
37:56 Crop Rotation
38:55 Blast Furnace
38:26 Plate Mail Armor
39:50 Bracer
40:56 Chemistry
39:42 Arrowslits
41:11 Hand Cart
42:48 Siege Engineers
42:39 Murder Holes
43:33 Gold Shaft Mining
43:34 Stone Shaft Mining
44:38 Conscription
44:32 Capped Ram
45:55 Siege Ram
47:06 Padded Archer Armor
47:11 Scale Barding Armor
50:00 First Crusade
49:46 Hauberk
50:17 Hoardings
Your Mom
0:28 Loom
9:51 Feudal Age
10:25 Double-Bit Axe
15:15 Wheelbarrow
16:06 Gold Mining
16:00 Horse Collar
22:29 Castle Age
23:51 Bow Saw
23:14 Pikeman
26:21 Husbandry
26:31 Bloodlines
28:12 Heavy Plow
32:17 Forging
32:09 Scale Mail Armor
32:15 Scale Barding Armor
32:03 Fletching
35:29 Hand Cart
37:50 Imperial Age
37:04 Fortified Wall
38:10 Chain Barding Armor
39:03 Conscription
38:45 Tusk Swords
39:44 Gold Shaft Mining
38:59 Stone Mining
39:47 Elite Battle Elephant
42:20 Heavy Scorpion
42:49 Halberdier
45:21 Plate Barding Armor
45:21 Iron Casting
44:34 Capped Ram
AnHell
11:34 Feudal Age
13:09 Wheelbarrow
14:22 Double-Bit Axe
19:37 Castle Age
17:30 Stone Mining
17:31 Gold Mining
18:48 Horse Collar
19:33 Forging
21:10 Hand Cart
24:04 Bow Saw
26:57 Fishing Lines
28:04 Gillnets
39:16 Imperial Age
domoowop (Y.O. Ko)
1:11 Loom
13:58 Feudal Age
14:53 Horse Collar
15:05 Double-Bit Axe
25:19 Forging
25:10 Scale Mail Armor
28:24 Castle Age
29:29 Gold Mining
29:57 Bow Saw
29:59 Squires
30:23 Pikeman
33:45 Heavy Plow
33:46 Stone Mining
35:04 Gambesons
36:24 Elite Skirmisher
37:52 Fervor
39:53 Sanctity
40:10 Chain Mail Armor
43:21 Arson
45:13 Gold Shaft Mining
48:28 Imperial Age
48:16 Iron Casting
Tonyukuk
10:05 Loom
12:13 Feudal Age
16:12 Castle Age
15:18 Double-Bit Axe
15:27 Gold Mining
15:33 Horse Collar
20:22 Scale Barding Armor
21:25 Bloodlines
31:17 Fletching
36:03 Bodkin Arrow
36:20 Forging
36:29 Husbandry
38:01 Heavy Plow
39:14 Stone Mining
47:18 Imperial Age
47:26 Wheelbarrow
46:37 Town Watch
46:38 Pikeman
47:22 Squires
Connection lost

Rejoining the realm…

Still unreachable

The connection could not be restored.

Session expired

The server has moved on; the page needs a fresh start.